 Dungeon Crawl Stone Soup version 0.31.0-11-ge490571c62 (webtiles) character file.

Game seed: 10311691179729386223

25 browni3141 the Trooper (level 2, 0/27 HPs)
             Began as a Minotaur Fighter on Jan 27, 2024.
             Slain by Robin
             ... wielding a +0 spear
              (5 damage)
             ... on level 2 of the Dungeon.
             The game lasted 00:00:23 (343 turns).

browni3141 the Trooper (Minotaur Fighter)            Turns: 343, Time: 00:00:23

Health: 0/27       AC:  0    Str: 20    XL:     2   Next: 82%
Magic:  1/1        EV: 13    Int:  5    God:
Gold:   0          SH:  0    Dex:  9    Spells: 1/1 levels left

rFire   . . .        a - melded +0 war axe
rCold   . . .        c - melded +0 buckler
rNeg    . . .        b - melded +0 scale mail
rPois   .            (helmet currently unavailable)
rElec   .            (cloak currently unavailable)
rCorr   .            h - melded +0 pair of gloves
SInv    .            (boots currently unavailable)
Will    .....        (no amulet)
Stlth   +            (ring currently unavailable)
HPRegen 0.24/turn    (ring currently unavailable)
MPRegen 0.07/turn

%: no passive effects
@: pig-form, very quick
A: fast, no casting, small, (horns 2), (retaliatory headbutt)
a: no special abilities


You were on level 2 of the Dungeon.
You were a filthy swine.
You visited 1 branch of the dungeon, and saw 3 of its levels.

Inventory:

Hand Weapons
 a - a +0 war axe (melded)
Armour
 b - a +0 scale mail (melded)
 c - a +0 buckler (melded)
 h - a +0 pair of gloves (melded)
Jewellery
 g - a ring of resist corrosion
Scrolls
 f - a scroll of fog {unknown}
Potions
 d - a potion of might
 e - a potion of enlightenment {unknown}


   Skills:
 + Level 4.1 Fighting
 * Level 3.6 Axes
 - Level 3.6 Armour
 - Level 3.6 Shields


You had one spell level left.
You didn't know any spells.
Your spell library was empty.

Dungeon Overview and Level Annotations

Branches:
Dungeon (3/15)

Altars:

Annotations:
D:2 Robin


Innate Abilities, Weirdness & Mutations

You are a filthy swine.
You move quickly.
Your equipment is almost entirely melded.
You are incapable of wielding weapons or throwing items.
You cannot cast spells.
((You have a pair of horns on your head.))
((You reflexively headbutt those who attack you in melee.))


Message History

There is an entrance to a sewer on this level.
Hurry and find it before the portal rusts away!
There is a stone staircase leading up here.
You miss the quokka.
The quokka is heavily wounded.
You closely miss the goblin. x2; The quokka closely misses you.
You furiously retaliate!
You headbutt the quokka.
You kill the quokka!
The goblin hits you but does no damage.
The goblin hits you with a +0 dagger. x2
You block the goblin's attack.
You barely miss the goblin. You closely miss the goblin.
The goblin hits you with a +0 dagger. x2
You slash the goblin!
You kill the goblin!
You barely miss the goblin.
The goblin hits you with a +0 dagger. x2
Your Fighting skill increases to level 4!
You closely miss the goblin. The goblin hits you with a +0 dagger.
You barely miss the goblin. You block the goblin's attack.
You barely miss the goblin.
The goblin no longer looks unusually strong.
You block the goblin's attack. The goblin hits you but does no damage.
You closely miss the goblin. The goblin closely misses you.
A goblin is nearby!
You barely miss the goblin. The goblin closely misses you.
You closely miss the goblin.
You headbutt the goblin, but do no damage.
The goblin hits you but does no damage. The goblin barely misses you.
You hit the goblin.
The goblin is severely wounded.
The goblin hits you but does no damage.
You slash the goblin!
You kill the goblin!
You see here a +0 dagger.
There is a stone staircase leading up, spattered with blood here.
Things that are here:
a +0 dagger; a goblin corpse You see here a +0 pair of gloves.
You start putting on your armour.
You continue putting on your +0 pair of gloves. x4
You finish putting on your +0 pair of gloves.
Things that are here:
a +0 dagger; a goblin corpse
There is a stone staircase leading up, spattered with blood here.
You start resting.
You hear the slow rusting of a very distant drain.
You start resting.
HP restored.
You hear the slow rusting of a very distant drain.
You climb upwards.
Level annotation: Robin The hobgoblin hits you but does no damage.
The goblin hits you but does no damage. You block the goblin's attack.
The goblin closely misses you. You block the hobgoblin's attack.
The goblin barely misses you. The hobgoblin hits you.
The goblin barely misses you. You furiously retaliate!
You headbutt the goblin. The goblin hits you but does no damage.
The hobgoblin hits you. The goblin closely misses you. You furiously retaliate!
You headbutt the goblin!
You kill the goblin!
There is a stone staircase leading down, spattered with blood here.
You hit the goblin.
You kill the goblin!
You closely miss the goblin. You slash the goblin!
You kill the goblin!
You slash the hobgoblin!
You kill the hobgoblin!
You hit the hobgoblin.
You kill the hobgoblin!
You miss the quokka. You closely miss the goblin.
The quokka closely misses you. You furiously retaliate!
You headbutt the quokka!
You kill the quokka!
The goblin hits you with a +0 dagger.
Robin's bangles clink loudly.
Robin hits you but does no damage.
The goblin hits you but does no damage. x2
You closely miss the goblin. You barely miss the goblin.
You closely miss the goblin.
Robin roars a battlecry!
The goblins go into a battle-frenzy!
The goblin hits you but does no damage. The goblin barely misses you.
Robin throws the goblin at you!
You hit the goblin. You headbutt the goblin.
You kill the goblin!
You barely miss the goblin. x2; The goblin barely misses you.
The goblin closely misses you. Robin barely misses you.
The goblin hits you with a +0 dagger. x2
You barely miss the goblin. x2; Robin zaps a wand.
You turn into a filthy swine.
Your +0 war axe melds into your body.
Your +0 pair of gloves melds into your body.
Your +0 buckler melds into your body.
Your +0 scale mail melds into your body.
The goblin closely misses you. x2
You hit the goblin.
The goblin is heavily wounded.
Robin hits you from afar with a +0 spear.
The goblin hits you with a +0 dagger. The goblin closely misses you.
You hit the goblin but do no damage.
The goblin is heavily wounded.
Robin hits you from afar with a +0 spear.
You die...
Robin calls out, "Let's celebrate!
Time for a feast!"

#### #...#.
....###....
..........####.
...............
...........#
.!....)....#
####.....g.#
#.....†.#
#....)hg#
#....g.)#
#.....:.#
#?..###.# #...
.# #... .# ###
.# .#


You could see Robin and 2 goblins.

Vanquished Creatures
  2 ball pythons (D:1)
  An endoplasm (D:1)
  9 goblins
  3 hobgoblins
  2 quokkas
  2 rats (D:1)
19 creatures vanquished.

Notes
Turn   | Place    | Note
-------+----------+-------------------------------------------
     0 | D:1      | browni3141 the Minotaur Fighter began the quest for the
                  | Orb.
     0 | D:1      | Reached XP level 1. HP: 19/19 MP: 0/0
   195 | D:1      | Found a faded altar of an unknown god.
   202 | D:1      | Reached XP level 2. HP: 25/27 MP: 1/1
   233 | D:2      | Noticed Robin
   244 | D:3      | Reached skill level 4 in Fighting
   343 | D:2      | Slain by Robin

Illustrated notes

Levels and vault maps discovered:
D:1:      lemuel_arrival_tunnels, layout_loops_cross,
          nicolae_ecumenical_snake_handling
D:2:      layout_basic, st_stairs_12, minmay_misc_feat_alley, uniq_robin
D:3:      layout_loops_ring, mainiacjoe_overflow_catwalk,
          overflow_temple_1_default, mainiacjoe_sewer_entry_somewhere_in_here_2

Skill      XL: |  1  2 |
---------------+-------+-----
Axes           | 3 |  3.6
Fighting       | 4 |  4.1
Armour         | |  3.6
Shields        | |  3.6

Action                     || total
---------------------------++-------
  Melee: War axe           ||    37
         Headbutt          ||     3
         Unarmed           ||     2
 Armour: Scale mail        ||    44
         Skin              ||     3
  Dodge: Dodged            ||    28
  Block: Buckler           ||    16
